[ AOE2 MATCH · #475912389 ]
1v1 RMTeutons vs Vietnamese
Player's team · WIN
[ REPLAY ANALYSIS · EXTRACTED FROM THE RECORDED GAME ]
Feudal
14:07
Castle
25:28
Imperial
—
| APM avg | 31.8 |
| APM peak | 86 |
| eAPM avg | 24.0 |
| Villagers / military | 121 / 60 |
Focus
⚔️ 24.1% · 🌾 75.9%
Militia ×11 · Skirmisher ×11 · Scout Cavalry ×9 · Teutonic Knight ×9 · Scorpion ×8 · Battering Ram ×6
Feudal
12:10
Castle
28:42
Imperial
—
| APM avg | 28.6 |
| APM peak | 102 |
| eAPM avg | 16.5 |
| Villagers / military | 82 / 95 |
Focus
⚔️ 39.2% · 🌾 60.8%
Archer ×54 · Militia ×17 · Spearman ×15 · Battering Ram ×7 · Mangonel ×2
Match map
Initial resources + every placement click. Lines = walls · curves = elevation contours. ◆ gold · ⬟ stone · ● berries · ✦ relic · ◌ wall gap
Your base· Open — unwalled flank
moshechaimsasportas's base· ✓ Closed at 28:42 · 94t walls · 4 gate(s)
Smoothed initial terrain · ◌ = detected wall gap · hover for details
Inputs per minute
— EL PADRE SANTO - - moshechaimsasportas
Build order — EL PADRE SANTO
First 150 of 242 actions detected
| 0:21 | Research | Loom |
| 0:22 | Create | Villager (Male) |
| 0:22 | Create | Villager (Male) |
| 0:22 | Create | Villager (Male) |
| 0:22 | Create | Villager (Male) |
| 0:23 | Create | Villager (Male) |
| 0:39 | Build | House |
| 0:39 | Build | House |
| 0:40 | Build | House |
| 0:41 | Build | House |
| 2:16 | Create | Villager (Male) |
| 3:10 | Create | Villager (Male) |
| 3:10 | Create | Villager (Male) |
| 3:32 | Create | Villager (Male) |
| 4:09 | Create | Villager (Male) |
| 4:15 | Create | Villager (Male) |
| 4:46 | Create | Villager (Male) |
| 5:37 | Create | Villager (Male) |
| 6:08 | Create | Villager (Male) |
| 6:13 | Create | Villager (Male) |
| 6:13 | Create | Villager (Male) |
| 6:13 | Create | Villager (Male) |
| 6:21 | Build | Mill |
| 6:27 | Create | Villager (Male) |
| 6:27 | Create | Villager (Male) |
| 6:44 | Create | Villager (Male) |
| 6:48 | Create | Villager (Male) |
| 6:48 | Create | Villager (Male) |
| 7:36 | Create | Villager (Male) |
| 7:36 | Create | Villager (Male) |
| 7:37 | Create | Villager (Male) |
| 7:37 | Create | Villager (Male) |
| 8:23 | Create | Villager (Male) |
| 9:02 | Build | Mining Camp |
| 9:12 | Create | Villager (Male) |
| 9:12 | Create | Villager (Male) |
| 9:18 | Build | Mining Camp |
| 9:33 | Build | House |
| 9:35 | Create | Villager (Male) |
| 9:35 | Create | Villager (Male) |
| 10:57 | Build | Lumber Camp |
| 11:28 | Build | Barracks |
| 11:57 | Research | Feudal Age |
| 12:43 | Build | Palisade Wall |
| 12:47 | Create | Militia |
| 12:47 | Create | Militia |
| 12:47 | Create | Militia |
| 12:47 | Create | Militia |
| 12:55 | Build | House |
| 13:40 | Create | Militia |
| 13:41 | Create | Militia |
| 14:07 | Age | Feudal Age |
| 14:09 | Build | House |
| 14:22 | Build | Watch Tower |
| 14:25 | Research | Man-at-Arms (upgrade) |
| 14:26 | Create | Villager (Male) |
| 14:27 | Create | Villager (Male) |
| 15:20 | Create | Militia |
| 15:20 | Create | Militia |
| 15:20 | Create | Militia |
| 15:25 | Create | Villager (Male) |
| 15:25 | Create | Villager (Male) |
| 15:45 | Create | Villager (Male) |
| 15:45 | Create | Villager (Male) |
| 16:07 | Build | Farm |
| 16:08 | Build | Farm |
| 16:08 | Build | Farm |
| 16:09 | Build | Farm |
| 16:09 | Build | Farm |
| 16:10 | Build | Farm |
| 16:11 | Build | Farm |
| 16:12 | Build | Farm |
| 16:14 | Create | Villager (Male) |
| 16:14 | Create | Villager (Male) |
| 16:14 | Create | Villager (Male) |
| 16:48 | Build | Farm |
| 16:49 | Build | Farm |
| 16:50 | Build | Farm |
| 17:26 | Build | Farm |
| 17:36 | Build | Blacksmith |
| 17:43 | Build | Watch Tower |
| 17:44 | Create | Villager (Male) |
| 17:44 | Create | Villager (Male) |
| 17:44 | Create | Villager (Male) |
| 18:00 | Build | House |
| 18:02 | Build | House |
| 18:04 | Create | Villager (Male) |
| 18:04 | Create | Villager (Male) |
| 18:04 | Create | Villager (Male) |
| 18:48 | Build | Farm |
| 19:20 | Build | Palisade Wall |
| 19:29 | Build | Palisade Wall |
| 19:49 | Build | Stable |
| 21:45 | Build | Stable |
| 22:12 | Create | Villager (Male) |
| 22:48 | Research | Castle Age |
| 22:55 | Build | Archery Range |
| 22:57 | Research | Forging |
| 22:58 | Research | Fletching |
| 23:14 | Build | Market |
| 23:20 | Research | Arson |
| 24:15 | Create | Skirmisher |
| 24:16 | Create | Skirmisher |
| 24:16 | Create | Skirmisher |
| 24:16 | Create | Skirmisher |
| 24:17 | Create | Skirmisher |
| 24:38 | Build | Palisade Wall |
| 25:28 | Age | Castle Age |
| 25:35 | Research | Long Swordsman (upgrade) |
| 25:35 | Research | Gambesons |
| 25:36 | Create | Villager (Male) |
| 25:36 | Create | Villager (Male) |
| 25:37 | Create | Villager (Male) |
| 25:37 | Create | Villager (Male) |
| 26:07 | Create | Villager (Male) |
| 26:20 | Build | Castle |
| 26:21 | Create | Villager (Male) |
| 26:22 | Create | Villager (Male) |
| 26:33 | Create | Villager (Male) |
| 26:33 | Create | Villager (Male) |
| 26:34 | Create | Villager (Male) |
| 26:41 | Build | House |
| 26:42 | Build | House |
| 26:43 | Build | House |
| 27:02 | Research | Squires |
| 27:20 | Create | Villager (Male) |
| 27:34 | Create | Villager (Male) |
| 27:34 | Create | Villager (Male) |
| 27:52 | Build | Castle |
| 28:16 | Create | Villager (Male) |
| 28:16 | Create | Villager (Male) |
| 28:16 | Create | Villager (Male) |
| 28:16 | Create | Villager (Male) |
| 28:34 | Create | Militia |
| 28:34 | Create | Militia |
| 29:23 | Build | Siege Workshop |
| 29:25 | Create | Villager (Male) |
| 29:25 | Create | Villager (Male) |
| 29:25 | Create | Villager (Male) |
| 29:54 | Create | Scorpion |
| 29:54 | Create | Scorpion |
| 30:05 | Create | Villager (Male) |
| 30:05 | Create | Villager (Male) |
| 30:05 | Create | Villager (Male) |
| 30:20 | Create | Scorpion |
| 30:20 | Create | Scorpion |
| 31:14 | Create | Villager (Male) |
| 31:15 | Create | Villager (Male) |
| 31:15 | Create | Villager (Male) |
| 31:26 | Create | Mangonel |
Build order — moshechaimsasportas
First 150 of 287 actions detected
| 0:01 | Create | Villager (Male) |
| 0:01 | Create | Villager (Male) |
| 0:02 | Build | House |
| 0:04 | Build | House |
| 0:17 | Create | Villager (Male) |
| 0:17 | Create | Villager (Male) |
| 1:46 | Create | Villager (Male) |
| 2:20 | Create | Villager (Male) |
| 2:20 | Create | Villager (Male) |
| 3:09 | Create | Villager (Male) |
| 3:19 | Create | Villager (Male) |
| 3:32 | Build | House |
| 4:23 | Build | Mill |
| 4:31 | Create | Villager (Male) |
| 4:31 | Create | Villager (Male) |
| 5:46 | Create | Villager (Male) |
| 5:47 | Create | Villager (Male) |
| 5:47 | Create | Villager (Male) |
| 5:48 | Create | Villager (Male) |
| 6:22 | Create | Villager (Male) |
| 6:48 | Build | House |
| 7:13 | Create | Villager (Male) |
| 7:14 | Create | Villager (Male) |
| 7:55 | Research | Loom |
| 8:45 | Create | Villager (Male) |
| 8:55 | Build | Lumber Camp |
| 9:02 | Create | Villager (Male) |
| 9:27 | Create | Villager (Male) |
| 9:44 | Research | Feudal Age |
| 10:09 | Build | Mining Camp |
| 10:32 | Build | House |
| 10:36 | Build | House |
| 10:46 | Build | Barracks |
| 10:52 | Create | Villager (Male) |
| 10:55 | Create | Villager (Male) |
| 11:08 | Build | Farm |
| 11:09 | Build | Farm |
| 11:11 | Build | Farm |
| 11:23 | Build | Farm |
| 11:49 | Build | Lumber Camp |
| 12:10 | Age | Feudal Age |
| 12:25 | Create | Villager (Male) |
| 12:25 | Create | Villager (Male) |
| 12:31 | Create | Militia |
| 12:31 | Create | Militia |
| 12:32 | Create | Militia |
| 12:32 | Create | Militia |
| 12:41 | Build | Farm |
| 13:11 | Build | Farm |
| 13:14 | Research | Horse Collar |
| 13:17 | Research | Double-Bit Axe |
| 13:25 | Create | Militia |
| 13:26 | Research | Man-at-Arms (upgrade) |
| 13:43 | Create | Villager (Male) |
| 13:43 | Create | Villager (Male) |
| 13:48 | Build | Archery Range |
| 13:53 | Create | Villager (Male) |
| 13:54 | Create | Villager (Male) |
| 14:29 | Research | Arson |
| 15:13 | Build | House |
| 15:41 | Create | Militia |
| 15:41 | Create | Militia |
| 15:41 | Create | Militia |
| 15:42 | Create | Archer |
| 15:43 | Create | Archer |
| 15:48 | Build | Palisade Wall |
| 15:55 | Build | Palisade Gate |
| 16:11 | Create | Archer |
| 16:11 | Create | Archer |
| 16:13 | Create | Militia |
| 16:13 | Create | Militia |
| 16:32 | Build | Farm |
| 16:33 | Build | Farm |
| 16:42 | Create | Villager (Male) |
| 16:53 | Build | Farm |
| 16:54 | Build | Farm |
| 17:05 | Create | Militia |
| 17:25 | Create | Militia |
| 17:26 | Create | Militia |
| 17:27 | Create | Archer |
| 17:28 | Create | Archer |
| 17:28 | Create | Archer |
| 17:35 | Build | Blacksmith |
| 17:42 | Build | Palisade Wall |
| 17:50 | Build | Farm |
| 17:51 | Build | Farm |
| 17:51 | Build | Farm |
| 17:51 | Build | Farm |
| 17:51 | Build | Farm |
| 17:51 | Build | Farm |
| 18:02 | Create | Villager (Male) |
| 18:02 | Create | Villager (Male) |
| 18:03 | Create | Villager (Male) |
| 18:10 | Create | Militia |
| 18:10 | Create | Militia |
| 18:17 | Build | House |
| 18:20 | Build | House |
| 18:22 | Build | House |
| 18:23 | Build | House |
| 18:25 | Build | House |
| 18:25 | Build | House |
| 18:28 | Build | House |
| 18:43 | Build | Palisade Wall |
| 18:47 | Build | Palisade Gate |
| 18:54 | Create | Villager (Male) |
| 18:57 | Research | Fletching |
| 19:03 | Create | Archer |
| 19:03 | Create | Archer |
| 19:05 | Create | Spearman |
| 19:05 | Create | Spearman |
| 19:34 | Create | Archer |
| 19:39 | Create | Villager (Male) |
| 19:50 | Build | Palisade Wall |
| 19:58 | Build | Palisade Gate |
| 20:05 | Create | Archer |
| 20:05 | Create | Archer |
| 21:14 | Create | Villager (Male) |
| 21:14 | Create | Villager (Male) |
| 21:15 | Create | Villager (Male) |
| 21:30 | Build | Palisade Wall |
| 21:37 | Build | Palisade Wall |
| 21:44 | Build | Palisade Wall |
| 22:24 | Build | Market |
| 22:30 | Research | Gold Mining |
| 22:30 | Research | Stone Mining |
| 22:36 | Build | Mining Camp |
| 22:46 | Create | Spearman |
| 22:46 | Create | Spearman |
| 22:47 | Create | Spearman |
| 22:48 | Create | Archer |
| 22:48 | Create | Archer |
| 22:48 | Create | Archer |
| 22:57 | Create | Villager (Male) |
| 22:57 | Create | Villager (Male) |
| 23:02 | Create | Villager (Male) |
| 23:09 | Research | Padded Archer Armor |
| 23:11 | Research | Forging |
| 23:12 | Research | Scale Mail Armor |
| 23:15 | Create | Villager (Male) |
| 23:27 | Build | Farm |
| 23:28 | Build | Farm |
| 23:33 | Build | Farm |
| 23:34 | Build | Farm |
| 23:36 | Build | Farm |
| 24:41 | Create | Villager (Male) |
| 24:44 | Create | Villager (Male) |
| 24:45 | Create | Villager (Male) |
| 24:51 | Build | House |
| 24:55 | Build | House |
| 25:04 | Build | House |
Match timeline
| 10:46 | moshechaimsasportas · first_building Barracks |
| 11:28 | EL PADRE SANTO · first_building Barracks |
| 12:10 | moshechaimsasportas · age_up feudal |
| 12:43 | EL PADRE SANTO · wall_segment Palisade Wall x8 |
| 13:48 | moshechaimsasportas · first_building Archery Range |
| 14:07 | EL PADRE SANTO · age_up feudal |
| 15:48 | moshechaimsasportas · wall_segment Palisade Wall x5 |
| 17:42 | moshechaimsasportas · wall_segment Palisade Wall x15 |
| 18:43 | moshechaimsasportas · wall_segment Palisade Wall x6 |
| 19:20 | EL PADRE SANTO · wall_segment Palisade Wall x5 |
| 19:29 | EL PADRE SANTO · wall_segment Palisade Wall x1 |
| 19:49 | EL PADRE SANTO · first_building Stable |
| 19:50 | moshechaimsasportas · wall_segment Palisade Wall x21 |
| 21:30 | moshechaimsasportas · wall_segment Palisade Wall x17 |
| 21:37 | moshechaimsasportas · wall_segment Palisade Wall x13 |
| 21:44 | moshechaimsasportas · wall_segment Palisade Wall x18 |
| 22:55 | EL PADRE SANTO · first_building Archery Range |
| 24:38 | EL PADRE SANTO · wall_segment Palisade Wall x7 |
| 25:28 | EL PADRE SANTO · age_up castle |
| 25:55 | EL PADRE SANTO · first_market_buy 100 stone |
| 26:20 | EL PADRE SANTO · first_building Castle |
| 28:42 | moshechaimsasportas · age_up castle |
| 29:23 | EL PADRE SANTO · first_building Siege Workshop |
| 30:33 | moshechaimsasportas · wall_segment Palisade Wall x3 |
| 31:21 | EL PADRE SANTO · first_market_sell 100 wood |
| 31:52 | moshechaimsasportas · first_building Monastery |
| 34:57 | moshechaimsasportas · first_building Castle |
| 37:12 | moshechaimsasportas · first_building Siege Workshop |
| 46:12 | EL PADRE SANTO · first_building Monastery |
| 46:44 | moshechaimsasportas · resign |
[ AI ANALYSIS · 1 CREDIT ]
What really happened in this match?
Wolo.gg analyzes every decision: build order, eco, micro, common mistakes by bracket. Personalized analysis on WhatsApp or Discord in 30 seconds.
Civ guide
Teutons
Map guide
Haboob
Perfil
EL_PUERCO_REDENTOR